 Dungeon Crawl Stone Soup version 0.29-a0-506-ga2e7fffb44 (webtiles) character file.

Game seed: 7389891052884654547

83204 croobank the Covert (level 15, -6/92 (108) HPs)
             Began as a Gnoll Delver on May 28, 2022.
             Was an Initiate of Gozag.
             Mangled by a pharaoh ant (17 damage)
             ... on level 4 of the Lair of Beasts on May 29, 2022.
             The game lasted 03:52:45 (32933 turns).

croobank the Covert (Gnoll Delver)                 Turns: 32933, Time: 03:52:52

HP:   -6/92 (108)   AC: 29    Str: 20    XL:     15   Next: 76%
MP:   29/29         EV:  7    Int: 14    God:    Gozag
Gold: 4125          SH:  0    Dex: 14    Spells: 3/34 levels left

rFire   + . .      SeeInvis .   a - +3 battleaxe (elec)
rCold   + + .      Faith    .   (shield currently unavailable)
rNeg    . . .      Spirit   .   Y - +0 gold dragon scales
rPois   +          Reflect  .   i - +2 helmet
rElec   .          Harm     .   w - scarf {+Inv}
rCorr   .          Rampage  .   F - +1 pair of gloves "Coune" {+Inv Str+6}
Will    ++...                   I - +0 pair of boots
Stlth   ..........              Q - amulet of regeneration
HPRegen 1.05/turn               s - ring of willpower
MPRegen 0.21/turn               B - +4 ring of protection

@: mighty, lethally poisoned (-6 -> -9), gold aura, very slightly contaminated,
heavily drained, invisible
A: fangs 1, strong nose, distributed training, cold resistance 1, frail 1,
poison resistance, MP-powered wands
a: Renounce Religion, Evoke Invisibility, Potion Petition, Call Merchant, Bribe
Branch


You were on level 4 of the Lair of Beasts.
You worshipped Gozag.
Gozag was most pleased with you.
You visited 5 branches of the dungeon, and saw 24 of its levels.

You collected 7931 gold pieces.
You spent 1132 gold pieces at shops.
You paid 2674 gold pieces to Gozag.

Inventory:

Hand Weapons
 a - a +3 battleaxe of electrocution (weapon)
 h - a +1 great sword
 n - the +2 trident of Wioplus {vamp, rElec rF+ Str+4}
   (You found it on level 2 of the Dungeon)

   It occasionally heals its wielder for a portion of the damage dealt when it
   wounds a living foe.
   Str:       It affects your strength (+4).
   rF:        It protects you from fire.
   rElec:     It insulates you from electricity.
 u - a +3 vorpal great mace
 C - the +4 dagger "Morg" {pain, Will+ Int+5}
   (You found it on level 2 of the Dungeon)

   In the hands of one skilled in necromantic magic, it inflicts extra damage on
   living creatures.
   Int:       It affects your intelligence (+5).
   Will:      It increases your willpower.
 H - a +2 scimitar of flaming
 R - a +3 vorpal war axe
 U - the +7 captain's cutlass {speed, disarm}
   (You found it on level 6 of the Lair of Beasts)

   Attacks with this weapon are significantly faster.
   It may disarm weapon-wielding foes when striking them, dealing extra damage
   in the process.
Missiles
 k - 25 boomerangs
 y - 504 stones
 X - 6 curare-tipped darts (quivered)
Armour
 b - a +0 leather armour
 i - a +2 helmet (worn)
 w - a scarf of invisibility (worn)
 x - a +0 buckler
 F - the +1 pair of gloves "Coune" (worn) {+Inv Str+6}
   (You bought it in a shop on level 2 of the Dungeon)

   Str:       It affects your strength (+6).
   +Inv:      It lets you turn invisible.
 G - the +1 plate armour "Hutetit" {rElec rPois Str+3}
   (You found it on level 5 of the Lair of Beasts)

   Str:       It affects your strength (+3).
   rElec:     It insulates you from electricity.
   rPois:     It protects you from poison.
 I - a +0 pair of boots (worn)
 K - a +0 robe of the Archmagi
 O - the +0 scale mail "Ezir" {Will++ Int+4 Stlth+}
   (You found it on level 11 of the Dungeon)

   Int:       It affects your intelligence (+4).
   Will:      It greatly increases your willpower.
   Stlth:     It makes you more stealthy.
 P - a +2 cloak of willpower
 Y - +0 gold dragon scales (worn)
 Z - the +1 robe of Vines {NoPotionHeal Regen++++}
   (You found it on level 5 of the Lair of Beasts)

   Its wearer cannot be healed by potions.
   Regen:     It increases your rate of health regeneration.
Jewellery
 p - a ring of protection from cold
 s - a ring of willpower (left hand)
 z - a ring of resist corrosion
 B - a +4 ring of protection (right hand)
 Q - an amulet of regeneration (around neck)
 S - a +4 ring of evasion
Wands
 c - a wand of flame (31)
 d - a wand of acid (1)
 r - a wand of polymorph (16)
 t - a wand of digging (2)
 A - a wand of charming (1)
 W - a wand of iceblast (11)
Scrolls
 e - a scroll of teleportation
 f - 6 scrolls of magic mapping
 j - 3 scrolls of enchant weapon
 l - 2 scrolls of blinking
 v - 2 scrolls of fog
 D - 2 scrolls of amnesia
 M - a scroll of fear
 T - 3 scrolls of immolation
 V - a scroll of silence
Potions
 g - a potion of resistance
 m - a potion of magic
 o - 5 potions of flight
 q - 2 potions of heal wounds
 E - 3 potions of curing
 J - a potion of cancellation
 N - 2 potions of ambrosia


   Skills:
 + Level 12.2 Fighting
 + Level 10.3 Short Blades
 + Level 10.3 Long Blades
 + Level 11.3 Axes
 + Level 10.3 Maces & Flails
 + Level 10.3 Polearms
 + Level 10.3 Staves
 + Level 10.3 Slings
 + Level 10.3 Bows
 + Level 10.3 Crossbows
 + Level 10.3 Throwing
 + Level 10.3 Armour
 + Level 11.3 Dodging
 + Level 13.8 Stealth
 + Level 10.3 Shields
 + Level 10.3 Unarmed Combat
 + Level 10.3 Spellcasting
 + Level 8.7 Conjurations
 + Level 8.7 Hexes
 + Level 8.7 Summonings
 + Level 8.7 Necromancy
 + Level 8.7 Translocations
 + Level 8.7 Transmutations
 + Level 8.7 Fire Magic
 + Level 8.7 Ice Magic
 + Level 8.7 Air Magic
 + Level 8.7 Earth Magic
 + Level 8.7 Poison Magic
 + Level 11.2 Invocations
 + Level 10.3 Evocations


You had 3 spell levels left.
You knew the following spells:

 Your Spells              Type           Power      Damage    Failure   Level
a - Necrotize             Necr           100%       1d9       28%         1
b - Spider Form           Tmut/Pois      31%        N/A       63%         3
c - Agony                 Necr           31%        N/A       100%        5
d - Summon Small Mammal   Summ           100%       N/A       28%         1
e - Beastly Appendage     Tmut           62%        N/A       28%         1
f - Vampiric Draining     Necr           31%        2d8       63%         3
g - Borgnjor's Vile Clut  Necr/Erth      15%        N/A       100%        5
h - Alistair's Intoxicat  Tmut/Pois      20%        N/A       100%        5
i - Mephitic Cloud        Conj/Pois/Air  31%        N/A       63%         3
j - Apportation           Tloc           62%        N/A       28%         1
k - Ignite Poison         Fire/Tmut/Pois 31%        N/A       63%         3

Your spell library contained the following spells:

 Spells                   Type           Power      Damage    Failure   Level
 Slow                     Hex            100%       N/A       28%         1
 Wereblood                Tmut           31%        N/A       38%         2
 Confusing Touch          Hex            31%        N/A       63%         3
 Dispel Undead            Necr           31%        3d14      95%         4
 Freezing Cloud           Conj/Ice/Air   15%        6-21      100%        5
 Death Channel            Necr           15%        N/A       100%        6
 Eringya's Noxious Bog    Tmut/Pois      15%        N/A       100%        6
 Corpse Rot               Necr/Pois/Air  Unusable   N/A       N/A         4

Dungeon Overview and Level Annotations

Branches:
Dungeon (14/15)            Temple (1/1) D:5            Lair (6/6) D:9
 Shoals (0/4) Lair:3       Spider (1/4) Lair:4        Slime (0/5) Lair:5
    Orc (2/2) D:12            Elf (0/3) Orc:2
 Vaults: D:13-14

Altars:
Ashenzari
Dithmenos
Elyvilon
Fedhas
Gozag
Hepliaklqana
Kikubaaqudgha
Makhleb
Nemelex Xobeh
Okawaru
Qazlal
Sif Muna
Trog
Uskayaw
Wu Jian
Yredelemnul
Zin
The Shining One
Jiyva

Shops:
D:2 *[[[   D:9 !   Orc:2 ?*((*

Annotations:
D:9 3 runed translucent doors, pigah's ghost, journeyman OpAE


Innate Abilities, Weirdness & Mutations

You have very sharp teeth.
Your uncanny sense of smell can sniff out nearby items.
Your experience applies equally to all skills.
Your flesh is cold resistant. (rC+)
You are frail. (-10% HP)
Your system is resistant to poisons. (rPois)
You expend magic power (3 MP) to strengthen your wands.


Message History

The emperor scorpion claws you but does no damage.
You hit the emperor scorpion.
Lightning courses through the emperor scorpion!
The emperor scorpion is heavily wounded.
You feel extremely sick.
The emperor scorpion closely misses you.
The emperor scorpion completely misses you.
The emperor scorpion barely misses you.
You hit the emperor scorpion but do no damage.
You bite the emperor scorpion, but do no damage.
The emperor scorpion is heavily wounded.
You feel very sick.
The emperor scorpion stings you but does no damage.
The emperor scorpion claws you but does no damage.
The emperor scorpion closely misses you.
Unknown command.
You strike the helpless emperor scorpion from behind!
You slice the emperor scorpion!!
You bite the emperor scorpion, but do no damage.
The emperor scorpion is severely wounded.
You barely miss the pharaoh ant.
You feel very sick.
The pharaoh ant bites you but does no damage.
The emperor scorpion stings you.
The emperor scorpion claws you but does no damage.
The emperor scorpion claws you.
The pharaoh ant bites you but does no damage.
You slice the emperor scorpion!!
You kill the emperor scorpion!
You slice the pharaoh ant!!
You feel very sick. The pharaoh ant barely misses you.
You barely miss the pharaoh ant.
The pharaoh ant is heavily damaged.
You feel very sick. The pharaoh ant bites you!!
* * * LOW HITPOINT WARNING * * *
The pharaoh ant bites you!
You die...
Your body crumbles into a pile of gold.

#.........# ##................
#........## #.................
.........# #.................
P........# ##........♣.......
P........# #.........♣......
.........########........#..♣)..♣
.........##.#.P...........##....#
...............$........)........
...............B@................
.................................
.................................
.................................
............................^....
.......)..[......................
.................................
...#..P........##.#.###..#####...
#.###P#........###### #### ####


You could see a pharaoh ant (can't see you).

Vanquished Creatures
  Rupert (Lair:3)
  Gastronok (Lair:3)
  An emperor scorpion (Lair:4)
  An orc warlord (Orc:1)
  A dire elephant (Lair:6)
  Snorg (D:10)
  2 rakshasas (D:13)
  A fire dragon (D:13)
  Erolcha (D:11)
  9 hydras
  An ogre mage (D:13)
  A merfolk avatar (Lair:6)
  A catoblepas (D:13)
  2 centaur warriors (D:13)
  4 two-headed ogres
  A death knight (D:13)
  2 death yaks (Lair:5)
  2 orc high priests (Orc:2)
  Urug (Orc:2)
  Sonja (Lair:3)
  A fire crab (D:13)
  2 sea snakes (Lair:5)
  A skeletal warrior (D:13)
  2 wizards (D:14)
  A phantasmal warrior (D:13)
  Pikel (D:9)
  2 harpies
  5 ugly things
  A wolf spider (Lair:3)
  2 cyclopes
  A manticore (Lair:6)
  4 orc sorcerers (Orc:2)
  2 oklob plants (Lair:5)
  A merfolk siren (Lair:3)
  7 elephants (Lair:6)
  2 torpor snails
  3 black mambas
  9 cane toads
  2 gargoyles
  2 efreet (D:13)
  5 kobold demonologists
  A freezing wraith (D:13)
  8 komodo dragons
  3 trolls
  9 polar bears
  A meliai (D:14)
  A hornet (Lair:6)
  12 blink frogs
  5 slime creatures (D:12)
  A snapping turtle (Lair:6)
  2 jumping spiders (Lair:4)
  9 dream sheep
  2 culicivoras (Lair:4)
  2 wraiths
  6 wyverns
  73 yaks
  7 basilisks
  2 steam dragons
  3 vampire mosquitoes
  3 redbacks
  3 wargs
  16 water moccasins
  An acid dragon (D:10)
  22 orc warriors
  An ice beast (D:5)
  A black bear (shapeshifter) (D:13)
  The ghost of zeratav the Shield-Bearer, an amateur GnFi (D:3)
  8 ogres
  7 black bears
  4 centaurs
  56 wolves
  3 phantoms
  5 kobold brigands
  A necrophage (D:5)
  15 bullfrogs
  6 scorpions
  16 wights
  6 killer bees
  11 howler monkeys
  A hound (D:6)
  A jelly (D:5)
  Crazy Yiuf (D:6)
  21 orc priests
  2 gnoll shamans (D:8)
  6 iguanas
  38 orc wizards
  4 hell rats (Lair:3)
  Natasha (thrice) (D:2)
  22 gnolls
  7 adders
  A shadow imp (D:7)
  A white imp (D:7)
  2 ufetubi (D:7)
  2 worms
  A dart slug (D:5)
  67 orcs
  A bat skeleton (D:2)
  A bat zombie (D:2)
  12 endoplasms
  4 giant cockroaches
  10 hobgoblins
  4 jackals
  32 kobolds
  5 quokkas
  11 ball pythons
  A ball python simulacrum (D:2)
  A ball python skeleton (D:2)
  A ball python zombie (D:2)
  6 bats
  3 frilled lizards
  15 goblins
  A jackal skeleton (D:2)
  4 rats
716 creatures vanquished.

Vanquished Creatures (others)
  A human (D:10)
  A bush (Lair:6)
  43 fungi
  52 plants
  21 withered plants (D:2)
118 creatures vanquished.

Grand Total: 834 creatures vanquished

Notes
Turn   | Place    | Note
-------+----------+-------------------------------------------
     0 | D:5      | Reached skill level 9 in Stealth
     0 | D:5      | croobank the Gnoll Delver began the quest for the Orb.
     0 | D:5      | Reached XP level 1. HP: 23/23 MP: 1/1
    60 | D:6      | Reached XP level 2. HP: 17/29 MP: 2/2
   378 | D:6      | Noticed a kobold brigand
   451 | D:4      | Reached XP level 3. HP: 29/35 MP: 3/3
   454 | D:4      | Reached skill level 1 in Invocations
   458 | D:4      | Reached skill level 1 in Short Blades
   458 | D:4      | Reached skill level 1 in Long Blades
   458 | D:4      | Reached skill level 1 in Maces & Flails
   458 | D:4      | Reached skill level 1 in Polearms
   458 | D:4      | Reached skill level 1 in Staves
   458 | D:4      | Reached skill level 1 in Slings
   458 | D:4      | Reached skill level 1 in Bows
   458 | D:4      | Reached skill level 1 in Crossbows
   458 | D:4      | Reached skill level 1 in Throwing
   458 | D:4      | Reached skill level 1 in Armour
   458 | D:4      | Reached skill level 1 in Shields
   458 | D:4      | Reached skill level 1 in Unarmed Combat
   458 | D:4      | Reached skill level 1 in Spellcasting
   458 | D:4      | Reached skill level 1 in Evocations
   458 | D:4      | Reached XP level 4. HP: 23/41 MP: 3/5
   464 | D:4      | Reached skill level 1 in Conjurations
   464 | D:4      | Reached skill level 1 in Hexes
   464 | D:4      | Reached skill level 1 in Summonings
   464 | D:4      | Reached skill level 1 in Necromancy
   464 | D:4      | Reached skill level 1 in Translocations
   464 | D:4      | Reached skill level 1 in Transmutations
   464 | D:4      | Reached skill level 1 in Fire Magic
   464 | D:4      | Reached skill level 1 in Ice Magic
   464 | D:4      | Reached skill level 1 in Air Magic
   464 | D:4      | Reached skill level 1 in Earth Magic
   464 | D:4      | Reached skill level 1 in Poison Magic
   799 | D:2      | Found Puuvvont's Antique Armour Shoppe.
   910 | D:2      | Reached XP level 5. HP: 47/47 MP: 6/6
   950 | D:2      | Identified the +2 trident of Wioplus {vamp, rElec rF+
                  | Str+4}
   986 | D:2      | Found Bauli's Armour Shoppe.
   990 | D:2      | Found Kigox's Armour Shoppe.
  1055 | D:2      | Found Cairalur's Assorted Antiques.
  1533 | D:1      | Learned a level 1 spell: Necrotize
  1537 | D:1      | Learned a level 3 spell: Spider Form
  2095 | D:2      | Noticed Natasha
  2102 | D:2      | Killed Natasha
  2103 | D:2      | Reached XP level 6. HP: 43/53 MP: 8/8
  2253 | D:2      | Noticed Natasha
  2273 | D:2      | Killed Natasha
  2283 | D:2      | Found the +4 dagger "Morg" {pain, Will+ Int+5}
  2306 | D:2      | Noticed Natasha
  2313 | D:2      | Killed Natasha
  2530 | D:3      | Found a faded altar of an unknown god.
  2595 | D:3      | Reached skill level 5 in Axes
  2595 | D:3      | Reached skill level 5 in Dodging
  2762 | D:3      | Found a white marble altar of Elyvilon.
  3457 | D:3      | Found a runed translucent door.
  3458 | D:3      | Noticed zeratav's ghost (amateur GnFi)
  3862 | D:3      | Killed zeratav's ghost
  3863 | D:3      | Reached XP level 7. HP: 30/59 MP: 10/10
  5456 | D:5      | Reached skill level 10 in Stealth
  5585 | D:5      | Reached XP level 8. HP: 15/67 MP: 12/12
  5858 | D:5      | Found a staircase to the Ecumenical Temple.
  5866 | Temple   | Entered the Ecumenical Temple
  5990 | Temple   | Became a worshipper of Gozag Ym Sagoz the Greedy
  6840 | D:5      | You fall into a shaft and drop 1 floor!
  6865 | D:6      | Found a runed translucent door.
  6866 | D:6      | Noticed Crazy Yiuf
  7210 | D:6      | Reached XP level 9. HP: 52/72 MP: 14/14
  7792 | D:6      | Killed Crazy Yiuf
  8069 | D:7      | Noticed a troll
  8121 | D:7      | Killed a troll
  8614 | D:7      | Reached skill level 5 in Invocations
  8862 | D:8      | Noticed Pikel
  8887 | D:9      | Killed Pikel
  8888 | D:9      | Reached XP level 10. HP: 70/80 MP: 17/17
  8964 | D:8      | Reached skill level 5 in Short Blades
  8964 | D:8      | Reached skill level 5 in Long Blades
  8964 | D:8      | Reached skill level 5 in Maces & Flails
  8964 | D:8      | Reached skill level 5 in Polearms
  8964 | D:8      | Reached skill level 5 in Staves
  8964 | D:8      | Reached skill level 5 in Slings
  8964 | D:8      | Reached skill level 5 in Bows
  8964 | D:8      | Reached skill level 5 in Crossbows
  8964 | D:8      | Reached skill level 5 in Throwing
  8964 | D:8      | Reached skill level 5 in Armour
  8964 | D:8      | Reached skill level 5 in Shields
  8964 | D:8      | Reached skill level 5 in Unarmed Combat
  8964 | D:8      | Reached skill level 5 in Spellcasting
  8964 | D:8      | Reached skill level 5 in Evocations
  9187 | D:9      | Found a staircase to the Lair.
  9259 | D:7      | HP: 3/64 [yak (12)]
  9471 | D:8      | Reached skill level 11 in Stealth
 10071 | D:8      | Noticed Grum
 10106 | D:8      | Noticed Grum
 10106 | D:8      | Grum changed into Grum the scorpion
 10115 | D:8      | Killed Grum the scorpion
 10488 | D:9      | Reached XP level 11. HP: 35/86 MP: 17/19
 10563 | D:9      | Found a stormy altar of Qazlal.
 10765 | D:9      | Learned a level 5 spell: Agony
 10946 | D:9      | Found a runed translucent gate.
 10946 | D:9      | Found a runed translucent gate.
 10946 | D:9      | Found a runed translucent gate.
 10996 | D:9      | Found a glowing golden altar of the Shining One.
 11009 | D:9      | Noticed pigah's ghost (journeyman OpAE)
 11049 | D:9      | Reached skill level 5 in Conjurations
 11049 | D:9      | Reached skill level 5 in Hexes
 11049 | D:9      | Reached skill level 5 in Summonings
 11049 | D:9      | Reached skill level 5 in Necromancy
 11049 | D:9      | Reached skill level 5 in Translocations
 11049 | D:9      | Reached skill level 5 in Transmutations
 11049 | D:9      | Reached skill level 5 in Fire Magic
 11049 | D:9      | Reached skill level 5 in Ice Magic
 11049 | D:9      | Reached skill level 5 in Air Magic
 11049 | D:9      | Reached skill level 5 in Earth Magic
 11049 | D:9      | Reached skill level 5 in Poison Magic
 11176 | D:9      | Found Riuteuj's Distillery.
 11300 | D:10     | Entered Level 10 of the Dungeon
 11466 | D:10     | Noticed a two-headed ogre
 11564 | D:10     | Noticed Snorg
 11602 | D:10     | Killed Snorg
 11664 | D:10     | Found an ancient bone altar of Kikubaaqudgha.
 11971 | D:11     | Noticed Erolcha
 12094 | Lair:1   | Entered Level 1 of the Lair of Beasts
 12709 | Lair:1   | Reached XP level 12. HP: 95/96 MP: 22/22
 13890 | Lair:2   | Reached skill level 12 in Stealth
 14515 | Lair:1   | Reached skill level 10 in Fighting
 15107 | Lair:3   | Noticed Gastronok
 15111 | Lair:3   | Learned a level 1 spell: Summon Small Mammal
 15113 | Lair:3   | Learned a level 1 spell: Beastly Appendage
 15117 | Lair:3   | Learned a level 3 spell: Vampiric Draining
 15143 | Lair:3   | Killed Gastronok
 15222 | Lair:3   | Noticed Rupert
 15245 | Lair:3   | Found a staircase to the Shoals.
 15733 | Lair:3   | Noticed Sonja
 15834 | Lair:3   | Reached XP level 13. HP: 85/103 MP: 24/24
 16573 | Lair:4   | Learned a level 5 spell: Borgnjor's Vile Clutch
 16579 | Lair:4   | Learned a level 5 spell: Alistair's Intoxication
 17002 | Lair:4   | Learned a level 3 spell: Mephitic Cloud
 17246 | Lair:4   | Found a hole to the Spider Nest.
 17486 | Lair:5   | Found a viscous altar of Jiyva.
 17489 | Lair:5   | Found a staircase to the Slime Pits.
 17532 | Lair:5   | Identified the +1 plate armour "Hutetit" {rElec rPois
                  | Str+3}
 17788 | Lair:5   | Found the +1 robe of Vines {NoPotionHeal Regen++++}
 17876 | Lair:5   | Learned a level 1 spell: Apportation
 18374 | Lair:3   | Killed Sonja
 18530 | Lair:6   | Entered Level 6 of the Lair of Beasts
 18577 | Lair:6   | Noticed a dire elephant
 19085 | Lair:5   | Reached skill level 10 in Axes
 19085 | Lair:5   | Reached skill level 10 in Dodging
 19098 | Lair:6   | Reached XP level 14. HP: 113/113 MP: 17/26
 19113 | Lair:6   | Identified a scroll of acquirement
 19113 | Lair:6   | Acquired a book of Decay
 19718 | Lair:5   | Reached skill level 13 in Stealth
 20155 | Lair:6   | Learned a level 3 spell: Ignite Poison
 20224 | Lair:6   | Found the +7 captain's cutlass {speed, disarm}
 20836 | Lair:6   | Reached skill level 10 in Invocations
 22079 | Lair:6   | Killed a dire elephant
 22554 | Lair:3   | Gained mutation: You possess an exceptional clarity of
                  | mind. [potion of mutation]
 22554 | Lair:3   | Lost mutation: You possess an exceptional clarity of mind.
                  | [potion of mutation]
 22554 | Lair:3   | Gained mutation: You passively map a small area around you.
                  | [potion of mutation]
 22555 | Lair:3   | Lost mutation: You passively map a small area around you.
                  | [potion of mutation]
 22555 | Lair:3   | Gained mutation: You tend to lose your temper in combat.
                  | [potion of mutation]
 22555 | Lair:3   | Gained mutation: Your spells are a little easier to cast,
                  | but a little less powerful. [potion of mutation]
 22555 | Lair:3   | Gained mutation: You are partially covered in iridescent
                  | scales. (AC +2) [potion of mutation]
 22556 | Lair:3   | Lost mutation: Your spells are a little easier to cast, but
                  | a little less powerful. [potion of mutation]
 22556 | Lair:3   | Lost mutation: You tend to lose your temper in combat.
                  | [potion of mutation]
 22556 | Lair:3   | Gained mutation: You are weak. (Str -2) [potion of
                  | mutation]
 22557 | Lair:3   | Lost mutation: You are weak. (Str -2) [potion of mutation]
 22557 | Lair:3   | Lost mutation: You are partially covered in iridescent
                  | scales. (AC +2) [potion of mutation]
 22557 | Lair:3   | Gained mutation: Your spells are a little easier to cast,
                  | but a little less powerful. [potion of mutation]
 22557 | Lair:3   | Gained mutation: You are frail. (-10% HP) [potion of
                  | mutation]
 22557 | Lair:3   | Gained mutation: You have sharp toenails. [potion of
                  | mutation]
 22831 | D:2      | Bought the +1 pair of gloves "Coune" {+Inv Str+6} for 361
                  | gold pieces
 22856 | D:2      | Bought a potion of might for 68 gold pieces
 22856 | D:2      | Bought a potion of mutation for 136 gold pieces
 22856 | D:2      | Lost mutation: You have sharp toenails. [potion of
                  | mutation]
 22856 | D:2      | Lost mutation: Your spells are a little easier to cast, but
                  | a little less powerful. [potion of mutation]
 22856 | D:2      | Gained mutation: Your flesh is cold resistant. (rC+)
                  | [potion of mutation]
 22856 | D:2      | Gained mutation: You expend magic power (3 MP) to
                  | strengthen your wands. [potion of mutation]
 22856 | D:2      | Gained mutation: Your system is resistant to poisons.
                  | (rPois) [potion of mutation]
 23613 | Lair:3   | Killed Rupert
 25324 | D:11     | Killed Erolcha
 25432 | D:11     | Identified the +0 scale mail "Ezir" {Will++ Int+4 Stlth+}
 26388 | D:12     | Found a staircase to the Orcish Mines.
 26832 | D:12     | Reached XP level 15. HP: 83/108 MP: 18/28
 27178 | Orc:1    | Entered Level 1 of the Orcish Mines
 27355 | Orc:1    | Noticed an orc warlord
 27733 | Orc:1    | Killed an orc warlord
 27991 | Orc:2    | Entered Level 2 of the Orcish Mines
 28316 | Orc:2    | Found a staircase to the Elven Halls.
 28372 | Orc:2    | Found Fuskuapn's Assorted Antiques.
 28376 | Orc:2    | Bought a potion of might for 92 gold pieces
 28376 | Orc:2    | Bought a scroll of enchant armour for 172 gold pieces
 28376 | Orc:2    | Bought a wand of iceblast (2) for 92 gold pieces
 28499 | Orc:2    | Noticed Urug
 28913 | Orc:2    | Killed Urug
 28919 | Orc:2    | Reached skill level 10 in Short Blades
 28919 | Orc:2    | Reached skill level 10 in Long Blades
 28919 | Orc:2    | Reached skill level 10 in Maces & Flails
 28919 | Orc:2    | Reached skill level 10 in Polearms
 28919 | Orc:2    | Reached skill level 10 in Staves
 28919 | Orc:2    | Reached skill level 10 in Slings
 28919 | Orc:2    | Reached skill level 10 in Bows
 28919 | Orc:2    | Reached skill level 10 in Crossbows
 28919 | Orc:2    | Reached skill level 10 in Throwing
 28919 | Orc:2    | Reached skill level 10 in Armour
 28919 | Orc:2    | Reached skill level 10 in Shields
 28919 | Orc:2    | Reached skill level 10 in Unarmed Combat
 28919 | Orc:2    | Reached skill level 10 in Spellcasting
 28919 | Orc:2    | Reached skill level 10 in Evocations
 29248 | Orc:2    | Found Recsiongu's Magic Scroll Shop.
 29248 | Orc:2    | Found Quqytzer's Assorted Antiques.
 29256 | Orc:2    | Found Koenikoo's Weapon Boutique.
 29256 | Orc:2    | Found Ungoebaenk's Antique Weapon Boutique.
 29352 | Orc:2    | Bought a scroll of silence for 90 gold pieces
 29352 | Orc:2    | Bought a scroll of blinking for 90 gold pieces
 29353 | Orc:2    | Bought a scroll labelled BIVVYC YXASCHAT for 31 gold pieces
 30047 | Spider:1 | Entered Level 1 of the Spider Nest
 30127 | Spider:1 | Noticed an emperor scorpion
 30131 | Lair:4   | HP: 4/102 [redback (11)]
 32932 | Lair:4   | Killed an emperor scorpion
 32933 | Lair:4   | Mangled by a pharaoh ant

Illustrated notes

Levels and vault maps discovered:
D:1:      dpeg_arrival_concentric_ovals, layout_loops_ring
D:2:      layout_loops_ring, serial_shops, shop, nicolae_shop_crystal,
          nicolae_shop_waterfront, nicolae_shop_waterfront,
          dilly_guarded_unrand_morg
D:3:      corexii_shack_village, layout_basic, nicolae_overflow_crystal_walls,
          hellmonk_ecumenical_altar_run_dry, serial_corexii_hall,
          chequers_hall_statues_wall_a, chequers_hall_statues_y,
          ebering_ghost_reflecting_pool, amethyst_killhole
D:4:      minmay_bubble_buster, layout_layer_cave,
          nicolae_ossuary_entry_monument
D:5:      layout_layer_cave, minmay_temple_entry_glassed_door
D:6:      layout_basic, grunt_decor_arrowhead, uniq_crazy_yiuf_cottage
D:7:      layout_cave_pools
D:8:      layout_gridville, uniq_pikel, uniq_grum
D:9:      layout_loops_ring, kennysheep_mini, amcnicky_altar_gilded,
          david_lair_generic, serial_shops, shop_statue, gammafunk_ghost_icy,
          minmay_misc_feat_rows
D:10:     layout_loops_cross, tgw_kikubaaqudgha, uniq_snorg
D:11:     layout_basic, uniq_erolcha
D:12:     layout_basic, david_orc_4, minmay_holes
D:13:     layout_stronghold
D:14:     hangedman_arrow_trap, layout_irregular_city, erik_vaults_2,
          serial_column_ruins, column_ruins_hut_ruined, column_ruins_open_tiny,
          column_ruins_columns_straight, column_ruins_open_small_water,
          column_ruins_open_medium, hangedman_ru_absence
Temple:   dpeg_five_rooms_temple
Lair:1:   layout_regular_city, grunt_megastairs_5
Lair:2:   layout_layer_cave
Lair:3:   layout_chaotic_city, minmay_shoals_entry_lonely_mermaid,
          grunt_megastairs_1, infiniplex_staircase_pool, lemuel_fruit_fields,
          uniq_gastronok, uniq_sonja, uniq_rupert
Lair:4:   layout_big_grid, spider_nest_entry_funnel_web,
          eino_small_chamber_without_monster, grunt_forest_large_clearings,
          grunt_megastairs_2
Lair:5:   layout_gridlike, slime_altar_1, lookout_lair_type,
          hellmonk_guarded_unrand_vines
Lair:6:   gammafunk_lair_ancient_temple, layout_regular_city
Spider:1: nicolae_spider_corner, nicolae_spider_acid_house, uniq_mlioglotl
Orc:1:    layout_caves
Orc:2:    st_orc_mages, layout_caves, serial_shops, nicolae_shop_behind_doors,
          uniq_urug

Skill      XL: |  1  2  3  4  5  6  7  8  9 10 11 12 13 14 15 |
---------------+----------------------------------------------+-----
Stealth        | 10 11 12 13 | 13.8
Invocations    | 1 2 3 4 5 6 7 8 9 10 11 | 11.2
Short Blades   | 1 2 3 4 5 6 7 8 9 10 | 10.3
Long Blades    | 1 2 3 4 5 6 7 8 9 10 | 10.3
Maces & Flails | 1 2 3 4 5 6 7 8 9 10 | 10.3
Polearms       | 1 2 3 4 5 6 7 8 9 10 | 10.3
Staves         | 1 2 3 4 5 6 7 8 9 10 | 10.3
Slings         | 1 2 3 4 5 6 7 8 9 10 | 10.3
Bows           | 1 2 3 4 5 6 7 8 9 10 | 10.3
Crossbows      | 1 2 3 4 5 6 7 8 9 10 | 10.3
Throwing       | 1 2 3 4 5 6 7 8 9 10 | 10.3
Armour         | 1 2 3 4 5 6 7 8 9 10 | 10.3
Shields        | 1 2 3 4 5 6 7 8 9 10 | 10.3
Unarmed Combat | 1 2 3 4 5 6 7 8 9 10 | 10.3
Spellcasting   | 1 2 3 4 5 6 7 8 9 10 | 10.3
Evocations     | 1 2 3 4 5 6 7 8 9 10 | 10.3
Conjurations   | 1 2 3 4 5 6 7 8 |  8.7
Hexes          | 1 2 3 4 5 6 7 8 |  8.7
Summonings     | 1 2 3 4 5 6 7 8 |  8.7
Necromancy     | 1 2 3 4 5 6 7 8 |  8.7
Translocations | 1 2 3 4 5 6 7 8 |  8.7
Transmutations | 1 2 3 4 5 6 7 8 |  8.7
Fire Magic     | 1 2 3 4 5 6 7 8 |  8.7
Ice Magic      | 1 2 3 4 5 6 7 8 |  8.7
Air Magic      | 1 2 3 4 5 6 7 8 |  8.7
Earth Magic    | 1 2 3 4 5 6 7 8 |  8.7
Poison Magic   | 1 2 3 4 5 6 7 8 |  8.7
Axes           | 5 6 7 8 9 10 11 | 11.3
Dodging        | 5 6 7 8 9 10 11 | 11.3
Fighting       | 7 8 9 10 11 12 | 12.2

Action                   |  1- 3 |  4- 6 |  7- 9 | 10-12 | 13-15 || total
-------------------------+-------+-------+-------+-------+-------++-------
Melee: Hand axe          |    13 |       |       |       |       ||    13
       Bite              |     2 |    21 |    50 |   168 |   219 ||   460
       Quarterstaff      |    10 |    51 |       |       |       ||    61
       Punch             |     1 |       |       |       |       ||     1
       Trident           |       |   119 |   428 |  1129 |   637 ||  2313
       Dagger            |       |    88 |    13 |    21 |     2 ||   124
       Unarmed           |       |    17 |    13 |   122 |    82 ||   234
       War axe           |       |       |       |    34 |   287 ||   321
       Kick              |       |       |       |     1 |    14 ||    15
       Headbutt          |       |       |       |       |     8 ||     8
       Cutlass           |       |       |       |       |   458 ||   458
       Scimitar          |       |       |       |       |     7 ||     7
       Battleaxe         |       |       |       |       |     7 ||     7
Throw: Stone             |       |       |       |       |     1 ||     1
 Cast: Spider Form       |       |     1 |     1 |    11 |     7 ||    20
       Necrotize         |       |       |     3 |     3 |     9 ||    15
       Summon Small Mamm |       |       |       |     5 |    18 ||    23
       Beastly Appendage |       |       |       |     1 |     8 ||     9
       Borgnjor's Vile C |       |       |       |       |   135 ||   135
       Vampiric Draining |       |       |       |       |    22 ||    22
       Mephitic Cloud    |       |       |       |       |    58 ||    58
       Apportation       |       |       |       |       |     1 ||     1
       Ignite Poison     |       |       |       |       |    38 ||    38
       Alistair's Intoxi |       |       |       |       |    18 ||    18
       Agony             |       |       |       |       |     4 ||     4
Invok: Potion Petition   |       |       |       |       |     5 ||     5
 Abil: Evoke Invisibilit |       |       |       |       |     2 ||     2
Evoke: Wand              |     1 |     1 |       |     4 |    27 ||    33
  Use: Potion            |     3 |     3 |     4 |     5 |    29 ||    44
       Scroll            |     6 |     7 |     6 |     5 |    22 ||    46
 Stab: Sleeping          |     2 |    36 |    21 |    20 |    12 ||    91
       Distracted        |       |     2 |     4 |    10 |    12 ||    28
       Confused          |       |       |       |       |    34 ||    34
       Paralysed         |       |       |       |       |    14 ||    14
       Invisible         |       |       |       |       |    14 ||    14
Armor: Leather armour    |    11 |    65 |   164 |   237 |   122 ||   599
       Skin              |       |    10 |       |    13 |    80 ||   103
       Robe              |       |       |       |    41 |   384 ||   425
       Gold dragon scale |       |       |       |       |    11 ||    11
Dodge: Dodged            |    32 |   188 |   300 |  1070 |  1263 ||  2853
Block: Buckler           |       |    38 |    95 |   348 |   483 ||   964

Table legend: (Time is in decaauts)
 A = Elapsed time spent in this place.
 B = Non-inter-level travel time spent in this place.
 C = Inter-level travel time spent in this place.
 D = Time resting spent in this place.
 E = Time spent auto-exploring this place.
 F = Levels seen in this place.
 G = Mean time per level.
                   A        B        C        D        E       F      G
               +--------+--------+--------+--------+--------+-----+--------+
         Total |  32836 |  29930 |   2906 |   5725 |  14426 |  24 | 1368.2 |
       Dungeon |  18518 |  17046 |   1472 |   2620 |   9482 |  14 | 1322.7 |
        Temple |    202 |    125 |     77 |      0 |    110 |   1 |  202.0 |
          Lair |  11865 |  10690 |   1175 |   2738 |   3822 |   6 | 1977.5 |
   Spider Nest |      7 |      7 |      0 |      0 |      0 |   1 |    7.0 |
  Orcish Mines |   2242 |   2061 |    181 |    367 |   1011 |   2 | 1121.0 |
               +--------+--------+--------+--------+--------+-----+--------+

Top non-repeatable levels by time:
  Lair:6: 2520 daAuts
  Lair:5: 2495 daAuts
  Lair:3: 2354 daAuts
     D:5: 1830 daAuts
     D:4: 1682 daAuts
    D:10: 1665 daAuts
     D:3: 1656 daAuts
  Lair:1: 1624 daAuts
    D:13: 1613 daAuts
     D:8: 1595 daAuts
    D:12: 1589 daAuts
     D:6: 1450 daAuts
  Lair:2: 1445 daAuts
  Lair:4: 1425 daAuts
     D:9: 1339 daAuts
